 Dungeon Crawl Stone Soup version 0.18-a0-1311-g779ca93 (webtiles) character file.

1137 st0uf the Covert (level 8, 0/52 HPs)
             Began as an Octopode Assassin on Feb 14, 2016.
             Was a Follower of Pakellas.
             Slain by Prince Ribbit (1 damage)
             ... on level 5 of the Dungeon.
             The game lasted 00:19:02 (4829 turns).

st0uf the Covert (Octopode Assassin)                Turns: 4829, Time: 00:19:03

Health: 0/52       AC:  1    Str: 11    XL:     8   Next: 36%
Magic:  8/8        EV: 13    Int: 13    God:    Pakellas [*.....]
Gold:   210        SH:  0    Dex: 15    Spells: 0 memorised, 7 levels left

rFire  . . .     SeeInvis .     b - +0 blowgun
rCold  . . .     Gourm    .     (no shield)
rNeg   . . .     Faith    .     (helmet restricted)
rPois  .         Spirit   .     (no amulet)
rElec  .         Dismiss  .     (no ring)
rCorr  .         Reflect  .     (no ring)
SustAt .         Harm     .     (no ring)
MR     .....                    (no ring)
Stlth  +++++++...               (no ring)
                                (no ring)
                                (no ring)
                                (no ring)

@: not resistant to hostile enchantments, extremely stealthy
A: almost no armour, amphibious, 8 rings, constrict 8, camouflage 1, gelatinous
body 1
a: Quick Charge, Renounce Religion


You were on level 5 of the Dungeon.
You worshipped Pakellas.
Pakellas was aware of your devotion.
You were not hungry.

You visited 2 branches of the dungeon, and saw 7 of its levels.

You collected 210 gold pieces.

Inventory:

Hand Weapons
 a - a +2 dagger
 b - a +0 blowgun (weapon)
Missiles
 c - 29 poisoned needles (quivered)
 d - 2 curare-tipped needles
 g - 3 needles of confusion
Jewellery
 B - an uncursed amulet of faith
Wands
 C - a wand of confusion (31/48)
Scrolls
 e - 3 scrolls of remove curse {unknown}
 h - 6 scrolls of amnesia {unknown}
 k - 7 scrolls of identify {unknown}
 o - 4 scrolls of teleportation {unknown}
 r - 3 scrolls of immolation {unknown}
 s - 2 scrolls of enchant armour {unknown}
 u - 2 scrolls of fear {unknown}
 v - 2 scrolls of recharging {unknown}
 y - a scroll of fog {unknown}
 z - 2 scrolls of noise {unknown}
Potions
 i - 2 potions of heal wounds {unknown}
 m - 2 potions of resistance {unknown}
 p - a potion of curing {unknown}
 q - 2 potions of haste {unknown}
 t - a potion of magic {unknown}
 w - a potion of might {unknown}
 x - a potion of degeneration {unknown}
 A - a potion of flight {unknown}
 D - 2 potions of cancellation {unknown}
Books
 E - a book of Annihilations

   Spells                             Type                      Level
   a - Poison Arrow                   Conjuration/Poison           6
   b - Chain Lightning                Conjuration/Air              8
   c - Lehudib's Crystal Spear        Conjuration/Earth            8
   d - Glaciate                       Conjuration/Ice              9
   e - Fire Storm                     Conjuration/Fire             9
Comestibles
 f - 4 bread rations
 j - 2 beef jerkies
 l - 6 meat rations
 n - a royal jelly
 F - a slice of pizza


   Skills:
 + Level 3.5 Fighting
 + Level 3.4 Short Blades
 + Level 3.0 Throwing
 + Level 3.5 Dodging
 + Level 11.5 Stealth
 * Level 1.3 Evocations


You had 7 spell levels left.
You didn't know any spells.

Dungeon Overview and Level Annotations

Branches:
Dungeon (6/15)             Temple (1/1) D:6

Altars:
Ashenzari
Cheibriados
Dithmenos
Elyvilon
Makhleb
Nemelex Xobeh
Okawaru
Pakellas
Ru
Trog
Vehumet
Zin
The Shining One

Annotations:
D:5 Prince Ribbit


Innate Abilities, Weirdness & Mutations

You cannot wear most types of armour.
You are amphibious.
You can wear up to eight rings at the same time.
You can use your tentacles to constrict eight enemies at once.
Your skin changes colour to match your surroundings (Stealth).
Your rubbery body absorbs attacks (AC +1).


Message History

Firing (i - inventory. (,) - cycle):
c - 32 poisoned needles (quivered)
Press: ? - help, Shift-Dir - straight line, f/p - Prince Ribbit
Aim: Prince Ribbit You shoot a poisoned needle.
The poisoned needle misses Prince Ribbit.
Firing (i - inventory. (,) - cycle):
c - 31 poisoned needles (quivered)
Press: ? - help, Shift-Dir - straight line, f/p - Prince Ribbit
Aim: Prince Ribbit You shoot a poisoned needle.
The poisoned needle closely misses Prince Ribbit.
Prince Ribbit hits you!!
* * * LOW HITPOINT WARNING * * *
Firing (i - inventory. (,) - cycle):
c - 30 poisoned needles (quivered)
Press: ? - help, Shift-Dir - straight line, f/p - Prince Ribbit
Aim: Prince Ribbit You shoot a poisoned needle.
The poisoned needle misses Prince Ribbit.
Prince Ribbit hits you.
You die...
Pakellas says: Time to start the next experiment...

#).# #)..# #(#..###
##### #.#....# #.#.####
#.#.# #.#.# #.#.#
#######.#(###
(...(..@F..(#
###.##.####.# ... .#
###. # ############ #.
#.##.......... #.
#............. #.
####.#..##.##.
###.####..........##.
###(..#.##.###'###..##.


You could see Prince Ribbit.

Vanquished Creatures
  Grinder (D:6)
  A phantom (D:5)
  An ice beast (D:5)
  A necrophage (D:6)
  Blork the orc (D:5)
  A scorpion (D:3)
  2 crimson imps (D:5)
  2 hounds
  Crazy Yiuf (D:5)
  A centaur skeleton (D:4)
  An orc priest (D:3)
  A giant frog skeleton (D:5)
  4 worker ants
  4 gnolls
  7 adders
  2 shadow imps
  3 worms
  2 giant geckos
  9 orcs
  7 giant cockroaches
  13 goblins
  8 hobgoblins
  9 jackals
  3 quokkas
  5 bats
  3 kobolds
  7 rats
100 creatures vanquished.

Notes
Turn   | Place    | Note
--------------------------------------------------------------
     0 | D:1      | st0uf the Octopode Assassin began the quest for the Orb.
     0 | D:1      | Reached XP level 1. HP: 14/14 MP: 1/1
   141 | D:1      | Reached XP level 2. HP: 13/19 MP: 2/2
   615 | D:1      | Reached skill level 6 in Stealth
   641 | D:1      | Reached XP level 3. HP: 10/24 MP: 3/3
  1314 | D:2      | Reached skill level 7 in Stealth
  1314 | D:2      | Reached XP level 4. HP: 29/29 MP: 4/4
  2138 | D:3      | Reached XP level 5. HP: 24/35 MP: 5/5
  2665 | D:3      | Found a shadowy altar of Dithmenos.
  2713 | D:3      | Reached skill level 8 in Stealth
  3026 | D:3      | You fall through a shaft for 3 floors!
  3026 | D:6      | Noticed a necrophage
  3030 | D:6      | Killed a necrophage
  3030 | D:6      | Reached skill level 9 in Stealth
  3030 | D:6      | Reached XP level 6. HP: 39/41 MP: 6/6
  3066 | D:6      | Found a staircase to the Ecumenical Temple.
  3074 | Temple   | Entered the Ecumenical Temple
  3115 | Temple   | Became a worshipper of Pakellas the Inventive
  3126 | D:6      | Noticed Grinder
  3132 | D:6      | Killed Grinder
  3132 | D:6      | Reached skill level 10 in Stealth
  3132 | D:6      | Reached XP level 7. HP: 44/46 MP: 7/7
  3152 | D:5      | Entered Level 5 of the Dungeon
  4282 | D:5      | Reached skill level 11 in Stealth
  4282 | D:5      | Reached XP level 8. HP: 52/52 MP: 8/8
  4341 | D:5      | Found an oddly glowing altar of Pakellas.
  4365 | D:5      | Reached * piety under Pakellas
  4450 | D:5      | Found a glowing golden altar of the Shining One.
  4533 | D:5      | Noticed Crazy Yiuf
  4541 | D:5      | Killed Crazy Yiuf
  4792 | D:5      | Noticed Blork the orc
  4799 | D:5      | Killed Blork the orc
  4809 | D:5      | Reached skill level 1 in Evocations
  4810 | D:5      | Noticed Prince Ribbit
  4828 | D:5      | HP: 1/52 [Prince Ribbit (19)]
  4829 | D:5      | Slain by Prince Ribbit

Vault maps used:
D:1:      matt_arrival_spirals
D:2:      fountainhead, minmay_door_square
D:3:      nicolae_dithmenos_through_a_glass_darkly, first_bread
D:5:      basic_altar, minivault_5, johnstein_pakellas_death_squad,
          uniq_sigmund, uniq_blork_the_orc, uniq_prince_ribbit1,
          uniq_crazy_yiuf_cottage
D:6:      fedhas_altar_2, minmay_temple_entry_grid, uniq_grinder
Temple:   circular_temple_12

Action                   |  1- 3 |  4- 6 |  7- 9 || total
-------------------------+-------+-------+-------++-------
Melee: Dagger            |    55 |    72 |    87 ||   214
 Fire: Blowgun           |       |    12 |    10 ||    22
Invok: Quick Charge      |       |       |     1 ||     1
 Stab: Sleeping          |    16 |    17 |     5 ||    38
       Distracted        |       |     1 |     2 ||     3
  Eat: Chunk             |     1 |     5 |     6 ||    12
